 Dungeon Crawl Stone Soup version 0.31-a0-986-g5e6e4ef867 (webtiles) character file.

Game seed: 16235061310566205287

36791 fag the Brawler (level 13, -12/117 HPs)
             Began as a Troll Gladiator on Nov 8, 2023.
             Killed from afar by Azrael (23 damage)
             ... with damnation
             ... on level 15 of the Dungeon on Nov 17, 2023.
             The game lasted 01:11:18 (14541 turns).

fag the Brawler (Troll Gladiator)                  Turns: 14541, Time: 01:11:19

Health: -12/117    AC: 13    Str: 27    XL:     13   Next: 54%
Magic:  10/10      EV: 13    Int:  2    God:
Gold:   273        SH:  0    Dex: 19    Spells: 12/12 levels left

rFire   + .          .
                       - Unarmed
rCold   . . .        m - +2 tower shield {AC+3}
rNeg    . . .        N - +0 troll leather armour
rPois   +            b - +2 hat
rElec   .            f - +2 cloak
rCorr   .            (gloves unavailable)
SInv    +            (boots unavailable)
Will    .....        F - amulet of reflection
Stlth   ++           y - ring "Xusosisa" {Fly SInv}
HPRegen 1.99/turn    v - ring of Kaimukk {rPois rF+ Str+2 Stlth+}
MPRegen 0.12/turn

%: reflection
@: confused, ambrosia-drunk, flying
A: large, unfitting armour, claws 3, regeneration 1, shaggy fur 1, tough skin 1,
agile 2, low MP 1, weak 1
a: no special abilities


You were on level 15 of the Dungeon.
You visited 3 branches of the dungeon, and saw 17 of its levels.
You also visited: Bailey.

You collected 1100 gold pieces.
You spent 827 gold pieces at shops.

Inventory:

Missiles
 A - 15 boomerangs
 D - 15 poisoned darts (quivered)
 I - 6 datura-tipped darts
 O - 13 large rocks
Armour
 b - a +2 hat (worn)
 d - +0 fire dragon scales
 f - a +2 cloak (worn)
 h - +0 ice dragon scales
 m - a +2 tower shield of protection (worn)
 p - an orb of light
 N - a +0 troll leather armour (worn)
Jewellery
 e - a +6 ring of strength
 j - a ring of protection from cold
 q - a ring of willpower
 v - the ring of Kaimukk (right claw) {rPois rF+ Str+2 Stlth+}
   (You found it on level 3 of the Dungeon)

   [ring of protection from fire]

   Str+2:     It affects your strength (+2).
   rF+:       It protects you from fire.
   rPois:     It protects you from poison Stlth+: It makes you more stealthy.
 x - an amulet of faith
 y - the ring "Xusosisa" (left claw) {Fly SInv}
   (You found it on level 12 of the Dungeon)

   [ring of see invisible]

   SInv:      It lets you see invisible.
   Fly:       It grants you flight.
 F - an amulet of reflection (around neck)
Talismans
 g - a flux talisman
 s - a beast talisman
Wands
 t - a wand of light (3)
 w - a wand of polymorph (12)
 M - a wand of flame (28)
 Q - a wand of mindburst (3)
Scrolls
 c - 2 scrolls of revelation
 k - a scroll of poison
 u - a scroll of torment
 z - a scroll of immolation
 B - 2 scrolls of fog
 L - a scroll of teleportation
Potions
 a - 3 potions of lignification
 i - 4 potions of enlightenment
 l - 3 potions of brilliance
 n - 3 potions of mutation
 E - 6 potions of curing
 G - a potion of attraction
 H - a potion of magic


   Skills:
 + Level 4.8 Fighting
 + Level 5.7 Throwing
 + Level 4.3 Armour
 + Level 9.3 Dodging
 + Level 2.6 Stealth
 + Level 8.4 Shields
 + Level 16.0 Unarmed Combat
 + Level 0.1 Evocations
 + Level 0.5 Shapeshifting


You had 12 spell levels left.
You didn't know any spells.
Your spell library contained the following spells:

 Spells                   Type           Power      Damage    Failure   Level
 Sandblast                Erth           0%         2d4       95%         1
 Shock                    Conj/Air       0%         1d3       95%         1
 Passwall                 Tmut/Erth      0%         N/A       98%         2
 Static Discharge         Conj/Air       0%         3-3/arc   98%         2
 Hailstorm                Conj/Ice       0%         3d3       100%        3
 Stone Arrow              Conj/Erth      0%         3d7       100%        3
 Swiftness                Air            0%         N/A       100%        3
 Airstrike                Air            0%         2d(0-16)  100%        4
 Brom's Barrelling Bould  Conj/Erth      0%         2d3       100%        4
 Summon Ice Beast         Ice/Summ       0%         N/A       100%        4
 Summon Lightning Spire   Summ/Air       0%         N/A       100%        4
 Simulacrum               Ice/Necr       0%         N/A       100%        6


Dungeon Overview and Level Annotations

Branches:
Dungeon (15/15)            Temple (0/1) D:5            Lair (0/5) D:10
    Orc (1/2) D:10         Vaults (0/5) D:14         Depths (1/4) D:15
 Bailey (visited)

Altars:
Ashenzari
Cheibriados
Fedhas
Nemelex Xobeh
Okawaru
Ru
Trog
Uskayaw
Wu Jian
Xom
Yredelemnul

Shops:
D:1 (?   D:4 (   D:11 =   D:13 (**?   D:14 [   D:15 (

Annotations:
D:6 3 runed translucent doors, lessens's ghost, novice GnGl
D:13 1 runed translucent door, arvidsem's ghost, journeyman MiFi
D:15 Azrael


Innate Abilities, Weirdness & Mutations

You are too large for most types of armour.
You have claws for hands.
Your natural rate of healing is unusually fast.
You are covered in fur. (AC +1)
You have tough skin. (AC +1)
You are very agile. (Dex +8, Str/Int -2)
Your magical capacity is low. (-10% MP)
You are weak. (Str -2)


Message History

You block the fire elemental's attack.
You barely miss the fire elemental.
The fire elemental is severely damaged.
You block the fire elemental's attack. x2
You scratch the fire elemental.
The fire elemental is severely damaged.
You block the fire elemental's attack.
You scratch the fire elemental.
The fire elemental is almost destroyed.
You block the fire elemental's attack.
You claw the fire elemental!
You destroy the fire elemental!
Azrael gestures at you.
The sphere of damnation explodes!
The damnation engulfs you!! Azrael gestures at you. The bolt of fire hits you!!
You resist.
There is an open door here.
Things that are here:
a hell hound corpse; a hell hound corpse You scratch Azrael.
Azrael is lightly wounded.
Azrael is momentarily hidden by a cloud of flames.
Azrael gestures at you.
The sphere of damnation explodes!
The damnation engulfs you!!
* * * LOW HITPOINT WARNING * * *
The damnation engulfs Azrael.
Azrael completely resists.
You mangle Azrael!!
Azrael is moderately wounded.
Azrael closely misses you.
You mangle Azrael!!
Azrael is heavily wounded.
Azrael gestures at you.
The sphere of damnation explodes!
The damnation engulfs you!!
* * * LOW HITPOINT WARNING * * *
The damnation engulfs Azrael.
Azrael completely resists.
You are confused.
You feel invigorated. Azrael gestures at you.
The sphere of damnation explodes!
The damnation engulfs you!!
You die...

# #.☼○...... #
##......... #
#[...##### # #....#
# #....# ######
#....# .....# #....#
.....#
#....#############
.....#
###...R@...........#
.....#
#......###########.#
.....# #.....## #.#
.....# #.....# #.#
.....# #.....# #.#
.....#####.....#
#.#####
............####
#......
.##.........#
#.####.
.##.........#
#......


You could see Azrael.

Vanquished Creatures
  Rupert (D:15)
  Gastronok (D:8)
  A frost giant (Depths:1)
  Nessos (D:13)
  3 fire dragons
  An ice dragon (Depths:1)
  An ogre mage (D:15)
  A catoblepas (D:14)
  3 centaur warriors
  A great orb of eyes (D:15)
  4 two-headed ogres
  A goliath frog (shapeshifter) (D:13)
  An orc knight (Orc:1)
  11 ugly things
  2 cyclopes
  Maurice (D:11)
  2 manticores
  3 unseen horrors
  A kobold demonologist (D:9)
  2 efreet
  5 yaktaurs (D:14)
  4 trolls
  A hornet (D:11)
  A blink frog (shapeshifter) (D:11)
  9 slime creatures
  A vampire (D:12)
  3 water elementals (Depths:1)
  A wraith (D:12)
  A wyvern (D:11)
  2 shadows
  Eustachio (D:5)
  12 yaks
  2 basilisks (D:14)
  A fire elemental (D:15)
  A redback (shapeshifter) (D:15)
  3 vampire mosquitoes (D:13)
  2 wargs (D:10)
  3 acid dragons
  A naga (shapeshifter) (D:13)
  5 hell hounds (D:15)
  Duvessa (D:7)
  3 water moccasins
  2 black bears
  An ice beast (D:8)
  A sky beast (D:6)
  11 orc warriors
  5 ogres
  12 centaurs
  5 kobold brigands
  Blork the orc (D:5)
  2 bullfrogs
  A water moccasin zombie (D:6)
  17 wights
  Dowan (D:7)
  2 howler monkeys (D:4)
  3 jellies
  2 gnoll boudas
  13 orc priests
  4 hounds
  Crazy Yiuf (D:5)
  Natasha (thrice) (D:3)
  4 iguanas
  13 orc wizards
  A howler monkey zombie (D:6)
  11 adders
  24 gnolls
  2 white imps (D:7)
  4 ufetubi
  2 dart slugs
  49 orcs
  11 endoplasms
  A giant cockroach (D:1)
  6 goblins
  5 hobgoblins
  2 jackals (D:2)
  24 kobolds
  3 quokkas
  2 ball pythons
  5 bats
  7 frilled lizards
  3 rats
371 creatures vanquished.

Vanquished Creatures (others)
  A rakshasa (D:15)
  An ogre (Orc:1)
  An orc (Orc:1)
3 creatures vanquished.

Grand Total: 374 creatures vanquished

Notes
Turn   | Place    | Note
-------+----------+-------------------------------------------
     0 | D:1      | fag the Troll Gladiator began the quest for the Orb.
     0 | D:1      | Reached XP level 1. HP: 19/19 MP: 0/0
   205 | D:1      | Reached XP level 2. HP: 27/27 MP: 1/1
   211 | D:1      | Found Heagust's Weapon Boutique.
   223 | D:1      | Found a transporter.
   223 | D:1      | Found Wel Wuhirgh's Magic Scroll Emporium.
   246 | D:1      | Found a transporter.
   573 | D:1      | Found a faded altar of an unknown god.
   799 | D:2      | Reached XP level 3. HP: 29/35 MP: 2/2
   818 | D:2      | Identified the +2 leather armour of Idepige {rF+ Will+}
  1205 | D:3      | Reached XP level 4. HP: 42/42 MP: 3/3
  1308 | D:3      | Reached skill level 4 in Unarmed Combat
  1357 | D:3      | Noticed Natasha
  1362 | D:3      | Killed Natasha
  1384 | D:3      | Reached XP level 5. HP: 28/49 MP: 4/4
  1649 | D:3      | Identified the ring of Kaimukk {rPois rF+ Str+2 Stlth+}
  1700 | D:3      | Noticed Natasha
  1704 | D:3      | Killed Natasha
  1708 | D:3      | Noticed Natasha
  1722 | D:3      | Killed Natasha
  1723 | D:3      | Reached skill level 5 in Unarmed Combat
  1807 | D:4      | Reached XP level 6. HP: 57/57 MP: 5/5
  2063 | D:4      | Reached skill level 6 in Unarmed Combat
  2068 | D:4      | Reached XP level 7. HP: 61/65 MP: 6/6
  2286 | D:4      | Found Malos's Weapon Emporium.
  2294 | D:4      | Bought 6 poisoned darts for 39 gold pieces
  2468 | D:5      | Entered Level 5 of the Dungeon
  2532 | D:5      | Noticed Blork the orc
  2543 | D:5      | Killed Blork the orc
  2604 | D:5      | Found a staircase to the Ecumenical Temple.
  2638 | D:5      | Found a runed translucent door.
  2639 | D:5      | Noticed Crazy Yiuf
  2644 | D:5      | Killed Crazy Yiuf
  2664 | D:5      | Noticed Eustachio
  2677 | D:5      | Killed Eustachio
  2678 | D:5      | Reached skill level 7 in Unarmed Combat
  2887 | D:5      | You fall into a shaft and drop 2 floors!
  2905 | D:7      | Reached skill level 5 in Dodging
  2905 | D:7      | Reached XP level 8. HP: 66/74 MP: 7/7
  2938 | D:7      | Found an ornate altar of the Wu Jian Council.
  2953 | D:7      | Reached skill level 8 in Unarmed Combat
  2977 | D:6      | Gained mutation: You are agile. (Dex +4, Str/Int -1)
                  | [potion of mutation]
  2977 | D:6      | Gained mutation: You are weak. (Str -2) [potion of
                  | mutation]
  2977 | D:6      | Gained mutation: Your magical capacity is low. (-10% MP)
                  | [potion of mutation]
  2977 | D:6      | Gained mutation: You are very agile. (Dex +8, Str/Int -2)
                  | [potion of mutation]
  3033 | D:6      | Reached skill level 1 in Shields
  3144 | D:6      | Reached skill level 9 in Unarmed Combat
  3214 | D:5      | Found a broken altar of Ashenzari.
  3214 | D:5      | Found a sacrificial altar of Ru.
  3347 | D:6      | Reached XP level 9. HP: 80/80 MP: 7/7
  3457 | D:6      | Found a runed translucent gate.
  3457 | D:6      | Found a runed translucent gate.
  3457 | D:6      | Found a runed translucent gate.
  3457 | D:6      | Noticed lessens's ghost (novice GnGl)
  3458 | D:6      | Found a basalt altar of Yredelemnul.
  3503 | D:6      | Reached skill level 1 in Stealth
  4277 | D:7      | Found a bloodstained altar of Trog.
  4462 | D:7      | Reached skill level 10 in Unarmed Combat
  4534 | D:7      | Noticed Dowan
  4536 | D:7      | Noticed Duvessa
  4541 | D:7      | Killed Duvessa
  4545 | D:7      | Killed Dowan
  4727 | D:8      | Found an iron altar of Okawaru.
  4875 | D:8      | Found a flagged portal.
  4929 | Bailey   | Entered a bailey
  5080 | Bailey   | Noticed an orc knight
  5081 | Bailey   | Found an iron altar of Okawaru.
  5086 | Bailey   | Reached XP level 10. HP: 73/91 MP: 8/8
  5337 | D:8      | Found a hide-covered altar of Uskayaw.
  5368 | D:8      | Reached skill level 11 in Unarmed Combat
  5457 | D:8      | Noticed Gastronok
  5476 | D:8      | Killed Gastronok
  6273 | D:9      | Reached skill level 12 in Unarmed Combat
  6806 | D:10     | Entered Level 10 of the Dungeon
  7042 | D:10     | Reached skill level 1 in Armour
  7078 | D:10     | Found a staircase to the Orcish Mines.
  7150 | Orc:1    | Entered Level 1 of the Orcish Mines
  7156 | Orc:1    | Reached XP level 11. HP: 98/98 MP: 8/8
  7216 | Orc:1    | Noticed an orc knight
  7235 | Orc:1    | Killed an orc knight
  7435 | Orc:1    | Noticed an orc knight
  7508 | D:10     | Found a shimmering altar of Xom.
  7521 | D:10     | Found a sparkling altar of Nemelex Xobeh.
  7653 | D:10     | Found a snail-covered altar of Cheibriados.
  7752 | D:10     | Reached skill level 13 in Unarmed Combat
  8022 | D:10     | Found a staircase to the Lair.
  8384 | D:11     | Noticed Maurice
  8386 | D:11     | Maurice stole 619 gold
  8393 | D:11     | Maurice stole a ring of willpower
  8394 | D:11     | Killed Maurice
  8514 | D:11     | Found Sieczi's One-of-a-Kind Rings.
  8874 | D:11     | Noticed a two-headed ogre
  8905 | D:11     | Killed a two-headed ogre
  9426 | D:12     | Identified a scroll of acquirement
  9430 | D:12     | Acquired a +2 tower shield of protection
  9481 | D:12     | Identified the ring "Xusosisa" {Fly SInv}
  9725 | D:12     | Reached skill level 14 in Unarmed Combat
  9740 | D:12     | Noticed a white ugly thing
  9790 | D:12     | Noticed a two-headed ogre
  9790 | D:12     | Noticed a two-headed ogre
  9794 | D:12     | Noticed a red ugly thing
  9807 | D:12     | Killed a white ugly thing
  9843 | D:13     | Noticed Nessos
  9850 | D:13     | Killed Nessos
  9981 | D:13     | Found a blossoming altar of Fedhas.
 10037 | D:13     | Found Ykki's General Store.
 10042 | D:13     | Found Caugroza's Assorted Antiques.
 10043 | D:13     | Bought 2 poisoned darts for 16 gold pieces
 10043 | D:13     | Bought 2 silver javelins for 252 gold pieces
 10043 | D:13     | Bought a potion of curing for 42 gold pieces
 10043 | D:13     | Bought 6 large rocks for 126 gold pieces
 10054 | D:13     | Bought a potion of curing for 87 gold pieces
 10054 | D:13     | Bought a scroll of fear for 116 gold pieces
 10054 | D:13     | Bought a scroll of identify for 58 gold pieces
 10121 | D:13     | Found Newkuv's Magic Scroll Emporium.
 10129 | D:13     | Bought a scroll of identify for 26 gold pieces
 10129 | D:13     | Bought a scroll of teleportation for 39 gold pieces
 10129 | D:13     | Bought a scroll of identify for 26 gold pieces
 10169 | D:13     | Noticed a centaur warrior
 10174 | D:13     | Killed a centaur warrior
 10175 | D:13     | Reached XP level 12. HP: 107/107 MP: 9/9
 10318 | D:13     | Found Seremoasu's Weapon Boutique.
 10353 | D:13     | Found a runed translucent door.
 10355 | D:13     | Noticed arvidsem's ghost (journeyman MiFi)
 11588 | D:14     | Reached skill level 5 in Shields
 12287 | D:14     | Noticed a centaur warrior
 12297 | D:14     | Killed a centaur warrior
 12298 | D:14     | Reached skill level 5 in Throwing
 12335 | D:14     | Found Videif's Superior Scales.
 12335 | D:14     | Noticed a fire dragon
 12348 | D:14     | Killed a fire dragon
 12349 | D:14     | Reached skill level 15 in Unarmed Combat
 12449 | D:14     | Found a gate to the Vaults.
 12449 | D:14     | Noticed a catoblepas
 12459 | D:14     | Killed a catoblepas
 12605 | D:15     | Entered Level 15 of the Dungeon
 12721 | D:15     | Noticed an ogre mage
 12721 | D:15     | Noticed a two-headed ogre
 12722 | D:15     | Noticed a centaur warrior
 12722 | D:15     | Noticed a two-headed ogre
 12722 | D:15     | Noticed a two-headed ogre
 12735 | D:15     | Paralysed by an ogre mage for 4 turns
 12741 | D:15     | Paralysed by an ogre mage for 2 turns
 12743 | D:15     | Killed an ogre mage
 12746 | D:15     | Killed a two-headed ogre
 12752 | D:15     | Killed a centaur warrior
 12755 | D:15     | Killed a two-headed ogre
 12756 | D:15     | Reached XP level 13. HP: 113/117 MP: 10/10
 12956 | D:15     | Found Equecrou's Antique Weapon Shop.
 13175 | D:15     | Found a hide-covered altar of Uskayaw.
 13200 | D:15     | Noticed Rupert
 13215 | D:15     | Killed Rupert
 13493 | D:15     | Found a staircase to the Depths.
 13581 | Vaults:3 | Identified the of Jysyin
 13581 | Vaults:5 | Identified the "Hosoeg"
 13581 | Depths:1 | Entered Level 1 of the Depths
 13618 | Depths:1 | Noticed a frost giant
 13631 | Depths:1 | Killed a frost giant
 13815 | Depths:1 | Noticed a fire dragon
 13846 | Depths:1 | Killed a fire dragon
 13875 | Depths:1 | Noticed a fire dragon
 13890 | Depths:1 | Killed a fire dragon
 13891 | Depths:1 | Reached skill level 16 in Unarmed Combat
 13891 | Depths:1 | Noticed a spark wasp
 13891 | Depths:1 | Noticed a spark wasp
 13892 | Depths:1 | Noticed a spark wasp
 13896 | Depths:1 | Noticed a spark wasp
 14497 | D:15     | Noticed Azrael
 14541 | D:15     | Killed from afar by Azrael

Illustrated notes

Levels and vault maps discovered:
D:1:      lemuel_arrival_cross, layout_rooms, shapermc_ecumenical_altar_petra,
          serial_shops, nicolae_shop_drivethru,
          nicolae_shop_tiny_real_fake_doors
D:2:      layout_rooms
D:3:      layout_rooms, uniq_natasha
D:4:      minmay_wonky_spiral, layout_rooms, serial_shops, shop,
          minmay_misc_feat_four_crosses, skrybe_limestone_x, minmay_vboxes
D:5:      layout_rooms, gammafunk_temple_overflow_statue,
          minmay_temple_entry_offerings, uniq_crazy_yiuf_cottage,
          uniq_blork_the_orc, uniq_eustachio
D:6:      layout_gridville, nicolae_yredelemnul_ghost_church,
          kennysheep_small_square
D:7:      layout_rooms, mainiacjoe_overflow_catch_the_wave, uniq_duvessa
D:8:      layout_loops_cross, mainiacjoe_overflow_six_doors_small,
          lemuel_tele_altar, enter_bailey_8, dk_noncrumbling_3, uniq_gastronok
D:9:      layout_long_grid
D:10:     layout_gridville, kennysheep_slug_shrine,
          mainiacjoe_overflow_catwalk_spiral, erik_orc_3
D:11:     layout_loops_ring, serial_rivers, chequers_serial_rivers_room_a,
          chequers_serial_rivers_marsh, chequers_serial_rivers_micro_c,
          chequers_serial_rivers_micro_b, chequers_serial_rivers_micro_e,
          nicolae_shop_unique_rings, uniq_maurice
D:12:     layout_layer_cave, lemuel_flamethrower_3
D:13:     layout_grid_maze, ebering_ghost_inner_flame, serial_shops, shop,
          nicolae_shop_window_shopping, shop, shop, fedhas_altar_2, uniq_nessos
D:14:     layout_irregular_city, hellmonk_vaults_attempted_burglary,
          chequers_serial_rivers_large_a, hangedman_abyss_or_decor_passed,
          hellmonk_scale_shop
D:15:     gammafunk_enter_depths_forms, layout_basic, serial_shops,
          nicolae_shop_scrapyard, lemuel_crystal_altar, grunt_decor_resistance,
          small_statue_intersection, uniq_rupert, uniq_azrael
Orc:1:    layout_diamond_mine, basic_altar, uniq_harold, uniq_erolcha
Depths:1: layout_roguey, trog_three_pillars_becter, serial_bayou,
          serial_bayou_pond_d, serial_bayou_lagoon_b, serial_bayou_pond_d,
          serial_bayou_pond_c, grunt_hell_entry_demonic_statue,
          grunt_decor_mini_mirrors, lightli_minifort

Skill      XL: |  1  2  3  4  5  6  7  8  9 10 11 12 13 |
---------------+----------------------------------------+-----
Throwing       | 2 3 4 5 |  5.7
Dodging        | 3 4 5 6 7 8 9 |  9.3
Unarmed Combat | 4 5 6 7 9 10 12 14 15 16 | 16.0
Fighting       | 2 3 4 |  4.8
Shields        | 1 2 3 4 7 8 |  8.4
Stealth        | 1 2 |  2.6
Armour         | 1 3 4 |  4.3
Evocations     | |  0.1
Shapeshifting  | |  0.5

Action                     |  1- 3 |  4- 6 |  7- 9 | 10-12 | 13-15 || total
---------------------------+-------+-------+-------+-------+-------++-------
  Melee: Unarmed           |    86 |   103 |   232 |   547 |   159 ||  1127
  Throw: Throwing net      |     1 |       |     3 |       |       ||     4
         Dart              |       |       |     9 |    42 |     7 ||    58
         Javelin           |       |       |     4 |    11 |       ||    15
         Large rock        |       |       |     1 |     9 |     2 ||    12
  Evoke: Wand              |       |       |       |     2 |       ||     2
    Use: Scroll            |     1 |       |    10 |    17 |     5 ||    33
         Potion            |       |       |     6 |     6 |     3 ||    15
   Stab: Sleeping          |       |       |     2 |     2 |     1 ||     5
         Invisible         |       |       |       |     1 |       ||     1
 Armour: Robe              |    67 |    85 |   162 |    73 |       ||   387
         Skin              |       |       |     7 |       |       ||     7
         Troll leather arm |       |       |       |   335 |    74 ||   409
  Dodge: Dodged            |    58 |    70 |   151 |   312 |    36 ||   627
  Block: Orb               |       |       |    46 |    87 |       ||   133
         Tower shield      |       |       |       |   254 |   138 ||   392
         Reflection        |       |       |       |    26 |     4 ||    30
         Form:             |       |       |     1 |       |       ||     1
         Flux              |       |       |     1 |       |       ||     1

Table legend: (Time is in decaauts)
 A = Elapsed time spent in this place.
 B = Non-inter-level travel time spent in this place.
 C = Inter-level travel time spent in this place.
 D = Time resting spent in this place.
 E = Time spent auto-exploring this place.
 F = Levels seen in this place.
 G = Mean time per level.
                   A        B        C        D        E       F      G
               +--------+--------+--------+--------+--------+-----+--------+
         Total |  14391 |  13253 |   1138 |   1611 |   7275 |  18 |  799.5 |
       Dungeon |  13340 |  12202 |   1138 |   1125 |   7184 |  15 |  889.3 |
  Orcish Mines |    292 |    292 |      0 |    116 |     62 |   1 |  292.0 |
        Depths |    597 |    597 |      0 |    370 |     29 |   1 |  597.0 |
        Bailey |    160 |    160 |      0 |      0 |      0 |   1 |  160.0 |
               +--------+--------+--------+--------+--------+-----+--------+

Top non-repeatable levels by time:
    D:13: 1678 daAuts
    D:15: 1320 daAuts
    D:10: 1179 daAuts
     D:8: 1092 daAuts
    D:14: 1090 daAuts
     D:6: 1022 daAuts
    D:11: 1019 daAuts
     D:9: 813 daAuts
     D:1: 694 daAuts
     D:4: 691 daAuts
     D:7: 655 daAuts
Depths:1: 597 daAuts
     D:3: 588 daAuts
     D:5: 536 daAuts
    D:12: 482 daAuts
